 Dungeon Crawl Stone Soup version 0.30-a0-862-g1aabd4f9c5 (webtiles) character file.

Game seed: 3438867789319588427

116 Esekla the Sneak (level 5, 0/36 HPs)
             Began as an Octopode Delver on Mar 9, 2023.
             Succumbed to a scorpion's poison
             ... on level 5 of the Dungeon.
             The game lasted 00:01:44 (194 turns).

Esekla the Sneak (Octopode Delver)                   Turns: 194, Time: 00:01:45

Health: 0/36       AC:  1    Str: 12    XL:     5   Next: 1%
Magic:  6/6        EV: 13    Int: 14    God:
Gold:   44         SH:  0    Dex: 13    Spells: 6/6 levels left

rFire   . . .      SeeInvis .    a - +0 falchion
rCold   . . .      Faith    .    (no shield)
rNeg    . . .      Spirit   .    (helmet restricted)
rPois   .          Reflect  .    (no amulet)
rElec   .          Rampage  .    (no ring)
rCorr   .                        (no ring)
Will    .....                    (no ring)
Stlth   +++++                    (no ring)
HPRegen 0.26/turn                (no ring)
MPRegen 0.10/turn                (no ring)
                                 (no ring)
                                 (no ring)

@: lethally poisoned (0 -> -6)
A: almost no armour, amphibious, 8 rings, camouflage 1, gelatinous body 1,
(nimble swimmer 1), tentacles
a: no special abilities


You were on level 5 of the Dungeon.
You visited 1 branch of the dungeon, and saw 1 of its levels.

You collected 44 gold pieces.

Inventory:

Hand Weapons
 a - a +0 falchion (weapon)
Wands
 f - a wand of digging (3)
Scrolls
 b - a scroll of fog
 d - a scroll of fear
Potions
 c - a potion of magic {unknown}


   Skills:
 * Level 3.5 Fighting
 * Level 2.4 Long Blades
 * Level 2.6 Dodging
 + Level 7.9 Stealth
 * Level 1.2 Spellcasting


You had 6 spell levels left.
You didn't know any spells.
Your spell library was empty.

Dungeon Overview and Level Annotations

Branches:
Dungeon (5/15)             Temple (0/1) D:5

Altars:


Innate Abilities, Weirdness & Mutations

You cannot wear most types of armour.
You are amphibious.
You can wear up to eight rings at the same time.
Your skin changes colour to match your surroundings (Stealth+).
Your rubbery body absorbs attacks. (AC +1, EV +1)
((You are camouflaged when in or above water. (Stealth+)))
You have tentacles for arms and can constrict up to eight enemies at once.


Message History

Your library has no spells.
A scorpion comes into view.
Found a staircase to the Ecumenical Temple.
You start resting.
Magic restored.
Okay, then.
You start resting.
You hear the rusting of a drain nearby.
You start resting.
HP restored.
The helpless scorpion fails to defend itself.
You hit the scorpion. You grab the scorpion.
The scorpion is lightly wounded.
You constrict the scorpion, but do no damage.
The scorpion stings you.
You are poisoned.
The scorpion poisons you! The scorpion stings you.
You are lethally poisoned!
The scorpion poisons you!
You hit the scorpion. You squeeze the scorpion!
The scorpion is almost dead.
You constrict the scorpion.
You kill the scorpion!
You feel extremely sick.
Your Spellcasting skill increases to level 1!
You have reached level 4!
You have reached level 5!
You feel stronger.
* * * LOW HITPOINT WARNING * * *
You feel very sick.
* * * LOW HITPOINT WARNING * * *
You feel very sick.
* * * LOW HITPOINT WARNING * * *
You feel very sick.
* * * LOW HITPOINT WARNING * * *
You feel sick.
* * * LOW HITPOINT WARNING * * *
You feel sick.
There is a staircase to the Ecumenical Temple here.
You die...

****,* #.######(........# ,,,,,*
##.## ##..#......# ****,* *...*
#........... * ***** ****#.8.#
#........#.# ***,,~** *,,,#...#
#..##.##.#.# **~,,~~* *,*###c###
#.....###... *~,~*~,*
*,*#.....###..#######.# *~~~*~~*
*,*#.....#............. *~,~*~~*
*,*#..@..#.#..#######..
*~∩~*~,****,*#.....#.#......s....
*~,~*~~*,,,,*#.....#.#.#########.
*~~~*~,***,,,###.###....###* #s
,,~**~~~**,,,,#...#........# ##.
,,***~~~**,,,*#.8.##....##.# ##.#
*** **~,,,,,,,#...#........# #.##
******,,*##.###....#### ##.# *,,*
#...........# ##.


You could see a centaur (asleep).

Vanquished Creatures
  2 scorpions (D:5)
2 creatures vanquished.

Notes
Turn   | Place    | Note
-------+----------+-------------------------------------------
     0 | D:5      | Esekla the Octopode Delver began the quest for the Orb.
     0 | D:5      | Reached XP level 1. HP: 16/16 MP: 1/1
     4 | D:5      | Noticed a phantom
    16 | D:5      | Noticed a scorpion
    71 | D:5      | Noticed a centaur
    90 | D:5      | Noticed a scorpion
   118 | D:5      | Killed a scorpion
   119 | D:5      | Reached skill level 7 in Stealth
   119 | D:5      | Reached XP level 2. HP: 8/21 MP: 1/3
   119 | D:5      | Reached XP level 3. HP: 10/26 MP: 1/4
   129 | D:5      | Found a staircase to the Ecumenical Temple.
   129 | D:5      | Noticed a scorpion
   188 | D:5      | Killed a scorpion
   189 | D:5      | Reached skill level 1 in Spellcasting
   189 | D:5      | Reached XP level 4. HP: 13/31 MP: 5/5
   189 | D:5      | Reached XP level 5. HP: 15/36 MP: 6/6
   193 | D:5      | HP: 1/36 [poisoned by a scorpion]
   194 | D:5      | Succumbed to a scorpion's poison

Illustrated notes

Levels and vault maps discovered:
D:5:      layout_loops_ring, kennysheep_mini_moat,
          minmay_temple_entry_antechambers, gup_sewer_entry_pipe, minivault_5

Skill      XL: |  1  2  3 |
---------------+----------+-----
Stealth        | 7 |  7.9
Spellcasting   | 1 |  1.2
Fighting       | |  3.5
Long Blades    | |  2.4
Dodging        | |  2.6

Action                     |  1- 3 |  4- 6 || total
---------------------------+-------+-------++-------
  Melee: Falchion          |     7 |       ||     7
         Constrict         |     2 |       ||     2
         Tentacles         |     2 |       ||     2
    Use: Scroll            |     1 |       ||     1
         Potion            |     1 |       ||     1
   Stab: Sleeping          |     1 |       ||     1
  Dodge: Dodged            |     3 |       ||     3

Table legend: (Time is in decaauts)
 A = Elapsed time spent in this place.
 B = Non-inter-level travel time spent in this place.
 C = Inter-level travel time spent in this place.
 D = Time resting spent in this place.
 E = Time spent auto-exploring this place.
 F = Levels seen in this place.
 G = Mean time per level.
                   A        B        C        D        E       F      G
               +--------+--------+--------+--------+--------+-----+--------+
         Total |    181 |    181 |      0 |     51 |      0 |   1 |  181.0 |
       Dungeon |    181 |    181 |      0 |     51 |      0 |   1 |  181.0 |
               +--------+--------+--------+--------+--------+-----+--------+

Top non-repeatable levels by time:
     D:5: 181 daAuts
